Map: Neon Violet Square LE

Players

Juxtapose - Winner!

  • Race: Protoss Protoss
  • League: Gold
  • Spawn Location: 11:00

GektorGrom

  • Race: Terran Terran
  • League: Gold
  • Spawn Location: 5:00

VOD

https://youtu.be/VBOJGHPVy5o

Description

This was a pretty close base race and was a lot of fun.

As I was watching the Replay however, I remembered that Nexuses now have Mass Recall. Whoops.

Time

  • Played on: Dec. 16, 2017, 3:59 p.m.
  • Length: 12:47
Show
View Real Time Build Order
Export as new Build Order

Juxtapose Protoss - Winner!

Build Orders: Oracle Opening 

Get SALT Encoding   

  12  0:01  Probe  
  13  0:13  Probe  
  14  0:19  Pylon  
  14  0:25  Probe  
  15  0:37  Probe  
  15  0:41  Gateway  
  16  0:49  Probe  
  17  0:51  Assimilator  
  17  1:01  Probe  
  17  1:03  Pylon  
  18  1:12  Assimilator  
  18  1:14  Probe  
  19  1:26  Probe  
  20  1:35  Cybernetics Core  
  20  1:38  Probe  
  20  1:39  Zealot  
  23  1:50  Probe  
  23  1:52  Pylon  
  24  1:59  Pylon  
  24  2:15  Warp Gate (Chrono Boost)  
  24  2:20  Stargate  
  24  2:29  Probe  
  25  2:41  Shield Battery, Probe  
  25  2:43  Shield Battery  
  26  3:03  Oracle (Chrono Boost)  
  29  3:08  Sentry  
  31  3:12  Forge  
  31  3:17  Gateway  
  31  3:42  Void Ray (Chrono Boost)  
  31  3:47  Photon Cannon  
  35  3:56  Adept  
  37  4:24  Adept x2  
  37  4:26  Void Ray  
  45  4:41  Protoss Ground Weapons Level 1  
  45  4:55  Nexus  
  45  4:57  Pylon  
  45  5:07  Gateway  
  45  5:12  Gateway  
  45  5:26  Pylon  
  45  5:30  Shield Battery  
  45  5:35  Pylon  
  45  5:37  Probe  
  46  5:49  Probe  
  47  6:01  Robotics Facility, Probe  
  48  6:09  Probe  
  49  6:13  Photon Cannon, Probe  
  50  6:21  Adept  
  50  6:22  Adept  
  54  6:40  Immortal  
  51  6:47  Void Ray (Chrono Boost)  
  51  6:52  Probe x2  
  61  7:04  Probe x2  
  61  7:06  Stalker  
  65  7:17  Stalker  
  65  7:18  Stalker  
  65  7:21  Assimilator  
  69  7:29  Assimilator  
  70  7:30  Probe  
  70  7:31  Probe  
  70  7:36  Stalker  
  73  7:42  Probe  
  73  7:43  Probe  
  75  7:56  Void Ray  
  79  8:03  Probe  
  79  8:04  Pylon  
  80  8:07  Stalker x2  
  83  8:15  Probe  
  83  8:18  Adept x2  
  72  8:31  Adept  
  72  8:32  Adept  
  65  8:46  Adept x2  
  53  9:11  Stalker  
  55  9:37  Shield Battery  
  39  10:15  Nexus  
  39  10:19  Pylon  
  37  10:22  Pylon  
  37  10:26  Pylon  
  27  12:14  Probe  
  28  12:32  Probe  
Show
View Real Time Build Order
Export as new Build Order

GektorGrom Terran 

Build Orders: MMM Bio 

Get SALT Encoding   

  12  0:01  SCV  
  13  0:13  SCV  
  14  0:21  Supply Depot  
  14  0:25  SCV  
  15  0:32  Refinery  
  15  0:42  SCV  
  16  0:46  Barracks  
  16  0:54  SCV  
  18  1:11  SCV  
  18  1:23  SCV  
  19  1:25  Supply Depot  
  19  1:34  Barracks Reactor  
  19  1:37  Orbital Command  
  19  1:44  Refinery  
  19  2:23  Factory  
  19  2:24  Marine x2  
  21  2:42  Marine x2  
  23  2:50  Supply Depot  
  23  2:53  SCV  
  24  3:00  Marine x2  
  26  3:05  SCV  
  26  3:07  Factory Tech Lab  
  27  3:14  Supply Depot  
  27  3:18  Marine x2, SCV  
  30  3:32  Siege Tank  
  33  3:35  Marine  
  33  3:36  Marine  
  33  3:37  SCV  
  36  3:45  Barracks  
  36  3:53  Marine x2  
  38  4:02  SCV  
  39  4:04  Widow Mine  
  39  4:05  Supply Depot  
  41  4:11  Marine  
  41  4:14  SCV  
  37  4:51  Barracks Tech Lab  
  37  4:54  SCV  
  38  5:00  Command Center  
  38  5:01  Siege Tank  
  38  5:02  Marine x2  
  38  5:06  SCV  
  44  5:09  Marauder  
  46  5:18  SCV  
  46  5:20  Stimpack, Marine x2  
  49  5:31  Marauder  
  49  5:32  Starport  
  51  5:36  SCV  
  52  5:46  Marine  
  52  5:48  SCV  
  54  5:51  Marine  
  55  5:59  Supply Depot  
  55  6:12  Medivac, Marauder, SCV  
  55  6:17  Supply Depot  
  60  6:24  SCV  
  61  6:25  Orbital Command  
  60  6:48  SCV  
  60  6:50  Medivac  
  63  6:56  Supply Depot  
  63  6:57  SCV  
  63  7:00  SCV  
  63  7:01  Marine x2  
  67  7:09  SCV  
  67  7:11  Widow Mine  
  67  7:12  SCV  
  71  7:21  SCV, Marauder  
  74  7:24  Starport Reactor, SCV  
  75  7:33  SCV  
  75  7:36  Marine x2, SCV  
  78  7:40  Widow Mine  
  78  7:42  Marauder  
  83  7:45  SCV  
  83  7:47  Refinery  
  83  7:48  Refinery, SCV  
  85  7:54  Marine x2  
  85  7:58  SCV  
  88  8:00  SCV  
  88  8:04  Combat Shields, Marauder  
  91  8:12  Marine x2  
  93  8:30  Marine  
  93  8:31  Marine  
  93  8:35  Marauder  
  82  8:51  Marine x2  
  82  8:56  Marauder  
  80  9:08  Marine  
  80  9:09  Marine  
  73  9:14  Viking  
  73  9:15  Viking  
  62  9:18  Marauder  
  49  9:39  Marauder  
  49  9:44  Viking  
  49  9:45  Viking  
  43  10:00  Marauder  
  37  10:53  Command Center  
Tags
 
Add a new tag
Caveats
  • Supply blocks, unpowered buildings, or Contaminate may cause inaccurate times.
  • Supply counts are checked every 10 seconds.